 Dungeon Crawl Stone Soup version 0.22.0-6-g71bd7aa6b3 (webtiles) character file.

358200 Flugkiller the Brawler (level 20, -2/265 HPs)
             Began as a Demigod Transmuter on Aug 15, 2018.
             Splashed by a caustic shrike's acid (8 damage)
             ... on level 2 of the Depths on Aug 16, 2018.
             The game lasted 02:16:51 (84554 turns).

Flugkiller the Brawler (Demigod Transmuter)        Turns: 84554, Time: 02:16:51

Health: -2/265     AC:  4    Str: 24    XL:     20   Next: 56%
Magic:  0/39       EV: 20    Int: 23    God:
Gold:   1671       SH:  0    Dex: 16    Spells: 18/39 levels left

rFire    + + .     SeeInvis +     - Unarmed
rCold    + + .     Gourm    .   (no shield)
rNeg     . . .     Faith    .   K - +5 fire dragon scales
rPois    .         Spirit   +   n - +2 helmet
rElec    .         Reflect  .   x - +2 cloak {MR+}
rCorr    .         Harm     .   i - +0 pair of gloves
MR       ++++.                  I - +0 pair of boots
Stlth    ..........             W - amulet of guardian spirit
HPRegen  0.54/turn              o - ring "Dausalac" {rC+++ MR+ Stlth+}
MPRegen  0.26/turn              t - ring of see invisible

@: berserking (expiring), corroded, deflect missiles, very quick
A: high mp 1
}: 2/15 runes: decaying, serpentine
a: no special abilities


You were on level 2 of the Depths.
You were not hungry.

You visited 7 branches of the dungeon, and saw 37 of its levels.
You also visited: Sewer.

You collected 3637 gold pieces.
You spent 1966 gold pieces at shops.

Inventory:

Missiles
 a - 1164 arrows
Armour
 i - a +0 pair of gloves (worn)
 n - a +2 helmet (worn)
 q - a scarf of resistance
 x - a +2 cloak of magic resistance (worn)
 I - a +0 pair of boots (worn)
 K - +5 fire dragon scales (worn)
 O - a +2 cloak of poison resistance
Jewellery
 e - a +3 ring of evasion
 l - an uncursed ring of protection from magic
 o - the ring "Dausalac" (left hand) {rC+++ MR+ Stlth+}
   (You bought it in a shop on level 1 of the Snake Pit)

   [ring of protection from magic]

   It renders you almost immune to cold.
   It affects your resistance to hostile enchantments.
   It makes you more stealthy.
 t - a ring of see invisible (right hand)
 F - an uncursed amulet of rage
 G - an uncursed ring of wizardry
 L - an uncursed ring of protection from cold
 Q - a +2 ring of protection
 W - an amulet of guardian spirit (around neck)
Wands
 c - a wand of iceblast (20)
 v - a wand of digging (27)
 B - a wand of paralysis (60)
 J - a wand of disintegration (18)
 V - a wand of flame (93)
Scrolls
 h - 12 scrolls of amnesia
 j - 18 scrolls of remove curse
 p - 3 scrolls of identify
 z - a scroll of fog
 C - 2 scrolls of fear
 M - 8 scrolls of magic mapping
 R - 4 scrolls of teleportation
Potions
 b - 2 potions of might
 f - 3 potions of lignification
 g - 6 potions of agility
 k - 11 potions of curing
 m - 2 potions of heal wounds
 s - 6 potions of magic
 u - 2 potions of cancellation
 A - 4 potions of haste
 D - 8 potions of resistance
 E - a potion of brilliance
 N - 3 potions of mutation
 T - a potion of flight
 Y - 3 potions of invisibility
 Z - a potion of ambrosia
Miscellaneous
 r - a phial of floods
 S - a lightning rod (4/4)
 X - a box of beasts
Comestibles
 d - 31 rations


   Skills:
 + Level 14.8 Fighting
 + Level 13.5 Armour
 + Level 14.4 Dodging
 + Level 15.6 Unarmed Combat
 - Level 10.0 Spellcasting
 - Level 9.0 Charms
 - Level 11.5 Transmutations
 - Level 3.0 Ice Magic
 - Level 12.5 Air Magic
 - Level 6.0 Evocations


You had 18 spell levels left.
You knew the following spells:

 Your Spells              Type           Power        Failure   Level  Hunger
a - Beastly Appendage     Tmut           ######       1%          1    None
b - Sticks to Snakes      Tmut           ######..     1%          2    None
c - Spider Form           Tmut/Pois      #####.....   3%          3    None
d - Ice Form              Ice/Tmut       #####...     6%          4    #......
e - Blade Hands           Tmut           ######....   3%          5    ####...
f - Deflect Missiles      Chrm/Air       ######....   22%         6    ######.

Your spell library contained the following spells:

 Spells                   Type           Power        Failure   Level  Hunger
 Cause Fear               Hex            ##........   77%         4    #......
 Magic Dart               Conj           ##..         12%         1    None
 Bolt of Cold             Conj/Ice       ###.......   100%        6    ######.
 Confuse                  Hex            ##......     36%         3    None
 Freezing Cloud           Conj/Ice/Air   #####.....   92%         6    ######.
 Mephitic Cloud           Conj/Pois/Air  ####....     7%          3    None
 Venom Bolt               Conj/Pois      ##........   98%         5    ####...
 Olgreb's Toxic Radiance  Pois           ##......     77%         4    #......
 Summon Small Mammal      Summ           ##..         12%         1    None
 Iskenderun's Mystic Bla  Conj           ##......     77%         4    #......
 Animate Dead             Necr           N/A          77%         4    #......
 Pain                     Necr           ##..         12%         1    None
 Animate Skeleton         Necr           N/A          12%         1    None
 Vampiric Draining        Necr           ##........   36%         3    None
 Ozocubu's Refrigeration  Ice            ####......   99%         6    ######.
 Summon Ice Beast         Ice/Summ       ###.....     54%         4    #......
 Ozocubu's Armour         Chrm/Ice       #####...     3%          3    None
 Call Imp                 Summ           ##......     19%         2    None
 Regeneration             Chrm/Necr      ####......   6%          3    None
 Sting                    Conj/Pois      ##..         12%         1    None
 Tukima's Dance           Hex            ##......     36%         3    None
 Stone Arrow              Conj/Erth      ##....       36%         3    None
 Swiftness                Chrm/Air       ######..     1%          2    None
 Passwall                 Tmut/Erth      #####...     1%          2    None
 Call Canine Familiar     Summ           ##......     36%         3    None
 Ensorcelled Hibernation  Hex/Ice        ###...       10%         2    None
 Metabolic Englaciation   Hex/Ice        ###.......   88%         5    ####...
 Silence                  Hex/Air        #####.....   26%         5    ####...
 Corona                   Hex            ##.....      12%         1    None
 Lee's Rapid Deconstruct  Erth           ##........   98%         5    ####...
 Sandblast                Erth           ##....       12%         1    None
 Simulacrum               Ice/Necr       ###.......   100%        6    ######.
 Conjure Ball Lightning   Conj/Air       #####.....   82%         6    ######.
 Petrify                  Tmut/Erth      #####...     12%         4    #......
 Shroud of Golubria       Chrm/Tloc      ####......   3%          2    None
 Fulminant Prism          Conj/Hex       ##........   77%         4    #......
 Dazzling Spray           Conj/Hex       ##....       36%         3    None
 Force Lance              Conj/Tloc      ##......     77%         4    #......
 Infusion                 Chrm           ####         1%          1    None
 Song of Slaying          Chrm           ######..     1%          2    None
 Spectral Weapon          Hex/Chrm       ####....     6%          3    None
 Searing Ray              Conj           ##....       19%         2    None
 Discord                  Hex            ##........   100%        8    #######
 Summon Lightning Spire   Summ/Air       #####...     10%         4    #......
 Summon Guardian Golem    Hex/Summ       ##......     36%         3    None
 Yara's Violent Unravell  Hex/Tmut       #####.....   32%         5    ####...
 Poisonous Vapours        Pois/Air       #####.       1%          2    None


Dungeon Overview and Level Annotations

Branches:
Dungeon (15/15)            Temple (0/1) D:6            Lair (6/6) D:11
  Swamp (4/4) Lair:4        Snake (4/4) Lair:4        Slime (0/5) Lair:6
    Orc (2/2) D:11            Elf (0/3) Orc:2        Vaults (4/5) D:13
  Crypt (0/3) Vaults:3     Depths (2/5) D:15

Shops:
D:4 *   Orc:2 [=*[(   Snake:1 ==}   Snake:3 =   Vaults:1 =   Vaults:2 :[![*
Depths:2 [

Portals:
Hell: Depths:1 Depths:2
Abyss: Depths:1
Ziggurat: Depths:2

Annotations:
Swamp:4 Lernaean hydra
Orc:1 3 runed doors, exclusion: 3 doors, Ceos Hyasib's ghost, journeyman MiBe; Footeic's ghost, journeyman DsGl; Isimat's ghost, journeyman DsGl; Tubrusu's ghost, journeyman MiBe
Vaults:2 3 runed doors, Jiud's ghost, adept MiBe


Innate Abilities, Weirdness & Mutations

You have an increased reservoir of magic. (+10% MP)


Message History

* * * LOW HITPOINT WARNING * * *
You slash the caustic shrike! Your slash misses the caustic shrike.
The caustic shrike is heavily wounded.
The caustic shrike claws you!!
* * * LOW HITPOINT WARNING * * *
You are splashed with acid!
The acid burns!
* * * LOW HITPOINT WARNING * * *
The ogre completely misses you. The caustic shrike claws you!
* * * LOW HITPOINT WARNING * * *
You are splashed with acid!
The acid burns!
* * * LOW HITPOINT WARNING * * *
You are too berserk!
Your hands revert to their normal proportions.
Your +0 pair of gloves unmelds from your body.
The ogre mage gestures wildly while chanting.
The ogre mage flickers and vanishes for a moment.
The caustic shrike claws you!!
* * * LOW HITPOINT WARNING * * *
You are splashed with acid!
The acid burns!
You die...

....##§§§§# #### #....
#§§§§§... ....
......)..§§§... .....
...........##.. ......
.O..........# .
......###O######....#
......##......##....#
.......bbO..........+
#.....@)O....## ∩
##............####'##
#.......)...........#
###
###'####.....)......#
...
#....##............# .
###....(...........#...
##.###)######....#...
####..)...# ....##..
.:..#.....<..########..


You could see 2 caustic shrikes, an ogre mage (invisible) and 3 ogres.

Vanquished Creatures
  Sojobo (D:15)
  Frederick (Depths:1)
  Vashnia (Snake:3)
  the Enchantress (D:15)
  Rupert (Depths:1)
  4 liches
  A tentacled monstrosity (Vaults:2)
  Asterion (Depths:1)
  An ancient champion (Depths:1)
  Kirke (D:13)
  A thorn hunter (Swamp:2)
  A tengu reaver (Depths:1)
  9 nagarajas
  3 fire giants
  A deep elf sorcerer (Vaults:2)
  4 frost giants
  An orc warlord (Orc:2)
  Louise (Swamp:1)
  9 vault wardens
  8 stone giants
  2 ghouls
  3 spriggan defenders (D:15)
  6 ironheart preservers
  12 very ugly things
  A vampire knight (Depths:1)
  A deep elf demonologist (Vaults:1)
  Azrael (D:13)
  2 spark wasps (Depths:2)
  2 deep elf death magi
  12 ettins
  Josephine (D:15)
  6 fire dragons
  A jiangshi (Depths:1)
  10 ogre magi
  15 yaktaur captains
  Fannar (Lair:2)
  13 vault guards
  7 ice dragons
  5 great orbs of eyes
  Harold (D:7)
  3 rakshasas
  22 hydras
  13 naga warriors
  3 spriggan air magi
  A ghost crab (Swamp:3)
  A catoblepas (Lair:6)
  7 centaur warriors
  8 alligators
  6 death knights
  6 anacondas
  10 death yaks
  32 two-headed ogres
  A deep troll shaman (Lair:6)
  3 orc high priests (Orc:2)
  6 tengu warriors
  14 naga sharpshooters
  2 vampire magi
  8 shock serpents
  3 spriggan berserkers
  A deep elf knight (Vaults:2)
  A titan skeleton (Vaults:4)
  A fire crab (shapeshifter) (Vaults:4)
  3 salamander mystics
  A sea snake (Snake:2)
  4 unseen horrors
  6 wizards
  A swamp dragon (shapeshifter) (D:14)
  3 skeletal warriors
  2 flayed ghosts
  10 swamp dragons
  8 naga ritualists
  4 spriggan druids
  A glowing orange brain (Vaults:2)
  15 ironbrand convokers
  15 orc knights
  5 shambling mangroves
  4 harpies (Vaults:1)
  4 deep elf archers
  3 necromancers (Vaults:4)
  2 lindwurms
  Pikel (D:7)
  7 mana vipers
  A fire giant zombie (Vaults:4)
  5 phantasmal warriors
  11 cyclopes
  12 deep elf magi
  2 manticores
  7 orc sorcerers (Orc:2)
  15 ugly things
  3 salamanders
  5 wolf spiders
  An elephant (shapeshifter) (Depths:2)
  26 black mambas
  14 naga magi
  15 elephants
  A guardian serpent (Snake:3)
  A stone giant skeleton (Vaults:4)
  Psyche (D:9)
  A human skeleton (Vaults:4)
  8 spiny frogs
  13 vault sentinels
  4 gargoyles
  An efreet (D:15)
  10 freezing wraiths
  A human zombie (Vaults:4)
  A kobold demonologist (D:14)
  51 yaktaurs
  5 rime drakes
  6 komodo dragons
  2 polar bears (Lair:6)
  A polar bear (shapeshifter) (Vaults:2)
  10 tyrant leeches
  10 trolls
  19 hornets
  29 slime creatures
  31 blink frogs
  18 bog bodies
  A meliai zombie (D:13)
  15 hippogriffs
  A centaur simulacrum (D:15)
  A redback (Vaults:3)
  A vampire (D:11)
  3 wyverns
  A spriggan (shapeshifter) (Depths:1)
  A shadow (Swamp:3)
  8 wraiths
  35 yaks
  8 spriggans
  A basilisk (D:13)
  A fire elemental (D:13)
  6 hogs
  A basilisk (shapeshifter) (Vaults:3)
  22 vampire mosquitoes
  2 hungry ghosts
  A golden eye (shapeshifter) (Vaults:4)
  2 human simulacra
  A swamp worm (shapeshifter) (Vaults:3)
  50 nagas
  6 wargs
  6 insubstantial wisps
  2 soldier ants
  16 swamp worms
  5 water moccasins
  4 hell hounds (D:13)
  12 swamp drakes
  6 porcupines
  An ettin simulacrum (Vaults:4)
  2 black bears
  7 necrophages
  54 orc warriors
  5 eyes of draining
  3 ice beasts
  3 phantoms
  6 sky beasts
  31 ogres
  12 wolves
  18 centaurs
  15 boggarts
  A centaur (shapeshifter) (Depths:2)
  8 big kobolds
  7 crocodiles
  4 bullfrogs
  A deep troll simulacrum (Vaults:4)
  6 scorpions
  An orc simulacrum (Vaults:1)
  3 killer bees (D:9)
  10 wights (D:8)
  2 howler monkeys
  2 electric eels
  3 centaur zombies
  5 crimson imps
  A bullfrog zombie (D:12)
  5 jellies
  A quasit (D:12)
  4 centaur skeletons
  37 orc priests
  10 hounds
  22 orc wizards
  6 iguanas
  Terence (D:2)
  11 worker ants
  A hound zombie (D:7)
  2 worker ant zombies
  A howler monkey skeleton (D:8)
  A gnoll (D:1)
  26 adders
  A river rat (Sewer)
  3 shadow imps
  4 oozes
  An adder skeleton (D:8)
  An adder zombie (D:5)
  5 worms
  A dart slug (D:5)
  11 leopard geckos
  149 orcs
  11 giant cockroaches
  10 hobgoblins
  13 jackals
  9 quokkas
  7 ball pythons
  8 bats
  4 frilled lizards
  11 goblins
  23 kobolds
  A leopard gecko skeleton (D:4)
  3 quokka skeletons
  A quokka zombie (D:5)
  13 rats
  A fungus (Lair:1)
1594 creatures vanquished.

Vanquished Creatures (collateral kills)
  the Lernaean hydra (Swamp:4)
  An entropy weaver (Vaults:3)
  A death knight (Vaults:3)
  A tarantella (Vaults:3)
  3 nagas
  An electric eel (Snake:2)
8 creatures vanquished.

Vanquished Creatures (others)
  Nikola (Swamp:2)
  A harpy (Vaults:3)
  A salamander (Snake:3)
  3 insubstantial wisps (Swamp:3)
  2 slaves (D:7)
  A boggart (Depths:2)
  3 ogres
  An orc (D:7)
  3 bushes (Lair:6)
  14 fungi
  24 plants
54 creatures vanquished.

Grand Total: 1656 creatures vanquished

Notes
Turn   | Place    | Note
-------+----------+-------------------------------------------
     0 | D:1      | Flugkiller the Demigod Transmuter began the quest for the Orb.
     0 | D:1      | Reached XP level 1. HP: 15/15 MP: 5/5
    53 | D:1      | Reached skill level 3 in Unarmed Combat
   195 | D:1      | Reached XP level 2. HP: 12/22 MP: 7/7
   790 | D:1      | Reached XP level 3. HP: 18/27 MP: 8/8
  1025 | D:1      | Reached skill level 4 in Unarmed Combat
  1381 | D:2      | Learned a level 2 spell: Sticks to Snakes
  1590 | D:2      | Noticed Terence
  1606 | D:2      | Killed Terence
  1736 | D:2      | Reached XP level 4. HP: 32/34 MP: 9/9
  1970 | D:2      | Found a sacrificial altar of Ru.
  1987 | D:2      | Learned a level 3 spell: Spider Form
  2287 | D:3      | Reached skill level 1 in Fighting
  2780 | D:3      | Reached skill level 5 in Unarmed Combat
  2780 | D:3      | Reached XP level 5. HP: 38/40 MP: 1/10
  3106 | D:4      | Noticed a phantom
  3135 | D:4      | Killed a phantom
  3149 | D:4      | Found a sparkling altar of Nemelex Xobeh.
  3155 | D:4      | Found Lotuan's Elemental Accessories.
  3176 | D:4      | Noticed an ogre
  3195 | D:4      | Killed an ogre
  3195 | D:4      | Reached XP level 6. HP: 48/48 MP: 8/12
  3251 | D:4      | Found an ancient bone altar of Kikubaaqudgha.
  3264 | D:4      | Found a snail-covered altar of Cheibriados.
  3381 | D:4      | Found a glowing drain.
  3385 | Sewer    | Entered a sewer
  4025 | Sewer    | Reached XP level 7. HP: 45/57 MP: 10/15
  4460 | D:5      | Entered Level 5 of the Dungeon
  4499 | D:5      | Found a basalt altar of Yredelemnul.
  5295 | D:5      | Reached XP level 8. HP: 66/66 MP: 17/17
  6066 | D:6      | Found a staircase to the Ecumenical Temple.
  6345 | D:6      | Reached skill level 6 in Unarmed Combat
  6990 | D:7      | Reached skill level 5 in Dodging
  6990 | D:7      | Reached skill level 5 in Transmutations
  7015 | D:7      | Reached skill level 5 in Fighting
  7113 | D:7      | Noticed Pikel
  7126 | D:7      | Killed Pikel
  7126 | D:7      | Reached skill level 7 in Unarmed Combat
  7126 | D:7      | Reached XP level 9. HP: 55/74 MP: 18/18
  7217 | D:7      | Found an opulent altar of Gozag.
  7361 | D:7      | Noticed Harold
  7496 | D:7      | You fall through a shaft for 3 floors!
  7496 | D:10     | Entered Level 10 of the Dungeon
  7496 | D:10     | Noticed a death knight
  7496 | D:10     | Noticed a phantasmal warrior
  7496 | D:10     | Noticed a freezing wraith
  7496 | D:10     | Noticed a phantasmal warrior
  7568 | D:10     | Learned a level 4 spell: Ice Form
  7574 | D:10     | Learned a level 5 spell: Blade Hands
  7579 | D:10     | Noticed a two-headed ogre
  7596 | D:10     | Killed a two-headed ogre
  7882 | D:8      | Found a shimmering altar of Xom.
  8488 | D:7      | Killed Harold
  8488 | D:7      | Reached skill level 1 in Ice Magic
  8690 | D:8      | Reached XP level 10. HP: 81/81 MP: 20/20
 10097 | D:9      | Found an ornate altar of the Wu Jian Council.
 10146 | D:9      | Found an iron altar of Okawaru.
 10302 | D:9      | Noticed Psyche
 10307 | D:9      | Killed Psyche
 10455 | D:9      | Reached skill level 5 in Spellcasting
 10597 | D:9      | Found a blossoming altar of Fedhas.
 10597 | D:9      | Found an opulent altar of Gozag.
 10674 | D:10     | Reached skill level 8 in Unarmed Combat
 10815 | D:10     | Noticed a two-headed ogre
 10829 | D:10     | Killed a two-headed ogre
 11022 | D:10     | Noticed a two-headed ogre
 11033 | D:10     | Killed a two-headed ogre
 11033 | D:10     | Reached XP level 11. HP: 43/91 MP: 22/22
 11531 | D:11     | Reached skill level 9 in Unarmed Combat
 12172 | D:11     | Found a staircase to the Orcish Mines.
 12336 | D:11     | Found a staircase to the Lair.
 12339 | D:11     | Noticed a two-headed ogre
 12343 | D:11     | Reached skill level 10 in Unarmed Combat
 12349 | D:11     | Killed a two-headed ogre
 12349 | D:11     | Reached skill level 1 in Armour
 12818 | D:11     | Found a staircase to the Orcish Mines.
 12999 | D:11     | Found a staircase to the Lair.
 13286 | Lair:1   | Entered Level 1 of the Lair of Beasts
 15721 | Lair:2   | Found a dark tunnel.
 15823 | Lair:2   | Noticed an eight-headed hydra
 15831 | Lair:2   | Killed an eight-headed hydra
 15831 | Lair:2   | Reached XP level 12. HP: 87/101 MP: 23/23
 15897 | Lair:2   | Noticed Fannar
 15907 | Lair:2   | Killed Fannar
 15907 | Lair:2   | Reached skill level 1 in Evocations
 16614 | Lair:3   | Noticed a five-headed hydra
 16626 | Lair:3   | Killed a five-headed hydra
 17258 | Lair:3   | Reached skill level 11 in Unarmed Combat
 17288 | Lair:3   | Noticed a four-headed hydra
 17312 | Lair:3   | Killed a four-headed hydra
 18083 | Lair:3   | Reached skill level 5 in Armour
 18626 | Lair:4   | Found a staircase to the Snake Pit.
 19402 | Lair:4   | Found a staircase to the Swamp.
 19864 | Lair:4   | Noticed a four-headed hydra
 19927 | Lair:4   | Killed a four-headed hydra
 20344 | Lair:4   | Reached XP level 13. HP: 111/111 MP: 24/24
 20823 | Lair:4   | Reached skill level 5 in Evocations
 21678 | Lair:5   | Got a crude granite ring
 22383 | Lair:6   | Entered Level 6 of the Lair of Beasts
 22787 | Lair:6   | Reached skill level 10 in Fighting
 22798 | Lair:6   | Reached skill level 10 in Dodging
 22798 | Lair:6   | Reached skill level 12 in Unarmed Combat
 23073 | Lair:6   | Found a stormy altar of Qazlal.
 23622 | Lair:6   | Found a viscous altar of Jiyva.
 23622 | Lair:6   | Found a staircase to the Slime Pits.
 24007 | Lair:6   | Reached skill level 13 in Unarmed Combat
 25280 | D:12     | Found a deep blue altar of Sif Muna.
 25470 | D:12     | Reached XP level 14. HP: 121/121 MP: 25/25
 28314 | D:13     | Found a gate to the Vaults.
 28335 | D:13     | Noticed Azrael
 28365 | D:13     | Killed Azrael
 28885 | D:13     | Found a basalt altar of Yredelemnul.
 29198 | D:13     | Identified the ring of Morality {Dex+3 Stlth-} (You found it on level 5 of the Lair of Beasts)
 29406 | D:13     | Noticed Kirke
 29903 | D:13     | Killed Kirke
 31529 | D:15     | Entered Level 15 of the Dungeon
 32025 | D:15     | Reached skill level 14 in Unarmed Combat
 32570 | D:15     | Reached XP level 15. HP: 130/130 MP: 20/26
 32966 | D:15     | Noticed Josephine
 32974 | D:15     | Killed Josephine
 33752 | D:15     | Found a staircase to the Depths.
 33811 | D:15     | Found a roughly hewn altar of Beogh.
 34001 | Orc:1    | Entered Level 1 of the Orcish Mines
 34306 | Orc:1    | Found a runed gate.
 34306 | Orc:1    | Found a runed gate.
 34306 | Orc:1    | Found a runed gate.
 34306 | Orc:1    | Noticed Ceos Hyasib's ghost (journeyman MiBe)
 34306 | Orc:1    | Noticed Tubrusu's ghost (journeyman MiBe)
 34306 | Orc:1    | Noticed Tubrusu's ghost (journeyman MiBe)
 34307 | Orc:1    | Noticed Footeic's ghost (journeyman DsGl)
 34307 | Orc:1    | Noticed Isimat's ghost (journeyman DsGl)
 34331 | Orc:1    | Found a roughly hewn altar of Beogh.
 34738 | Orc:2    | Entered Level 2 of the Orcish Mines
 35037 | Orc:2    | Paralysed by an orc sorcerer for 4 turns
 35338 | Orc:2    | Found a staircase to the Elven Halls.
 35422 | Orc:2    | Found Tabigh's Antique Armour Boutique.
 37736 | Orc:2    | Found Soazimi's General Store.
 37737 | Orc:2    | Found Erghuprelab's Jewellery Shoppe.
 37738 | Orc:2    | Found Nyntonyo's Antique Armour Emporium.
 37738 | Orc:2    | Found Ruyggiy's Antique Weapon Emporium.
 37754 | Orc:2    | Bought a potion of heal wounds for 70 gold pieces
 37754 | Orc:2    | Bought a scroll of magic mapping for 49 gold pieces
 37951 | Snake:1  | Entered Level 1 of the Snake Pit
 38757 | Snake:1  | Found Foepimo's Jewellery Shoppe.
 38758 | Snake:1  | Found Letunu's Gadget Shop.
 38759 | Snake:1  | Found Raull's Jewellery Shoppe.
 40483 | Snake:2  | Reached skill level 10 in Transmutations
 42449 | Snake:3  | Noticed a nagaraja
 42466 | Snake:3  | Killed a nagaraja
 42466 | Snake:3  | Reached XP level 16. HP: 139/139 MP: 25/30
 43794 | Snake:3  | Noticed Vashnia
 44776 | D:8      | Identified a scroll of acquirement
 44776 | D:8      | Identified Ammus's Reference Book on Weightlessness and Boosts (You acquired it on level 8 of the Dungeon)
 45000 | Snake:3  | Found Nuroseich's Jewellery Shoppe.
 45055 | Snake:3  | Bought an uncursed ring of poison resistance for 320 gold pieces
 46030 | Snake:3  | Reached skill level 15 in Unarmed Combat
 46208 | Snake:3  | Killed Vashnia
 46208 | Snake:3  | Reached skill level 10 in Armour
 46776 | Snake:3  | Got a black opal-encrusted chain mail
 47137 | D:10     | Identified the +2 chain mail of Mysticism {rF++} (You found it on level 3 of the Snake Pit)
 47961 | Snake:4  | Entered Level 4 of the Snake Pit
 48326 | Swamp:1  | Entered Level 1 of the Swamp
 48326 | Swamp:1  | Noticed Louise
 48358 | Swamp:1  | Killed Louise
 49591 | Swamp:2  | Noticed Nikola
 50806 | Swamp:2  | Killed Nikola
 52757 | Swamp:4  | Entered Level 4 of the Swamp
 55073 | Swamp:4  | Reached XP level 17. HP: 148/148 MP: 28/33
 56980 | Swamp:4  | Noticed the 27-headed Lernaean hydra
 56982 | Swamp:4  | Killed the 27-headed Lernaean hydra
 56994 | Swamp:4  | Got a decaying rune of Zot
 57896 | Vaults:1 | Entered Level 1 of the Vaults
 58348 | Snake:1  | Bought the ring "Dausalac" {rC+++ MR+ Stlth+} for 1047 gold pieces
 59551 | Vaults:1 | Found Tiafauh's Jewellery Boutique.
 60501 | Vaults:1 | Learned a level 6 spell: Deflect Missiles
 60679 | Vaults:1 | Reached skill level 1 in Charms
 60771 | Vaults:1 | Reached skill level 1 in Air Magic
 62238 | Snake:1  | Bought an uncursed ring of wizardry for 360 gold pieces
 62560 | Vaults:2 | Reached XP level 18. HP: 115/160 MP: 35/35
 62702 | Vaults:2 | Noticed a tentacled monstrosity
 62710 | Vaults:2 | Killed a tentacled monstrosity
 63756 | Vaults:2 | Found Jekeoss's Book Shoppe.
 64232 | Vaults:2 | Noticed Jiud's ghost (adept MiBe)
 64237 | Vaults:2 | Found a runed gate.
 64239 | Vaults:2 | Found a runed gate.
 64239 | Vaults:2 | Found a runed gate.
 64621 | Vaults:2 | Reached skill level 5 in Charms
 64621 | Vaults:2 | Reached skill level 5 in Air Magic
 65637 | Vaults:2 | Found Ikloaj's Distillery.
 65677 | Vaults:2 | Found Omnociek's Armour Emporium.
 65679 | Vaults:2 | Found Wudyngom's General Store.
 65690 | Vaults:2 | Bought a scroll of blinking for 120 gold pieces
 65780 | Vaults:2 | Found Aruxics's Antique Armour Emporium.
 66380 | Snake:4  | Found an iron altar of Okawaru.
 70814 | Snake:4  | Got a serpentine rune of Zot
 70836 | Snake:4  | Reached XP level 19. HP: 122/167 MP: 31/36
 74132 | Vaults:3 | Found a staircase to the Crypt.
 74132 | Vaults:3 | Found a basalt altar of Yredelemnul.
 74133 | Vaults:3 | Found an ancient bone altar of Kikubaaqudgha.
 75471 | Vaults:4 | Reached skill level 10 in Spellcasting
 75608 | Vaults:4 | Reached skill level 10 in Air Magic
 77195 | Vaults:4 | Identified the Reference Book on Weightlessness and Ice
 77709 | Depths:1 | Entered Level 1 of the Depths
 77710 | Depths:1 | Noticed the Enchantress
 77711 | Depths:1 | -
 78119 | D:15     | Killed the Enchantress
 78123 | D:15     | -
 78123 | D:15     | Got faerie dragon scales
 78124 | D:15     | Identified the +4 faerie dragon scales {rCorr Dex+5} (You took it off the Enchantress on level 15 of the Dungeon)
 79188 | Depths:1 | Found a one-way gate to the infinite horrors of the Abyss.
 79337 | Depths:1 | Noticed a lich
 79346 | Depths:1 | Killed a lich
 79553 | Depths:1 | Found a gateway to Hell.
 79662 | Depths:1 | Reached XP level 20. HP: 168/174 MP: 33/39
 79664 | Depths:1 | Noticed Frederick
 79683 | Depths:1 | Killed Frederick
 79899 | Depths:1 | Noticed Asterion
 79919 | Depths:1 | Killed Asterion
 80140 | Depths:1 | Noticed Rupert
 80148 | Depths:1 | Noticed Sojobo
 80155 | Depths:1 | Killed Rupert
 80820 | D:15     | Found a roughly hewn altar of Beogh.
 80869 | D:15     | Killed Sojobo
 81981 | Depths:2 | Found Gosevix's Armour Boutique.
 82047 | Depths:2 | Found a corrupted altar of Lugonu.
 82485 | Depths:2 | Found a gateway to a ziggurat.
 84541 | Depths:2 | Noticed a caustic shrike
 84542 | Depths:2 | Noticed a caustic shrike
 84554 | Depths:2 | HP: 6/265 [caustic shrike (16)]
 84554 | Depths:2 | Splashed by a caustic shrike's acid

Skill      XL: |  1  2  3  4  5  6  7  8  9 10 11 12 13 14 15 16 17 18 19 20 |
---------------+-------------------------------------------------------------+-----
Unarmed Combat | 3 4 5 7 8 10 11 13 14 15 | 15.6
Fighting       | 1 2 3 5 6 7 9 10 11 12 14 | 14.8
Transmutations | 2 3 4 5 8 9 10 11 | 11.5
Dodging        | 2 3 4 5 6 7 9 10 11 12 13 14 | 14.4
Spellcasting   | 2 3 4 5 6 8 10 | 10.0
Ice Magic      | 1 3 |  3.0
Armour         | 3 5 7 9 11 12 13 | 13.5
Evocations     | 4 6 |  6.0
Charms         | 2 8 9 |  9.0
Air Magic      | 2 8 12 | 12.5

Action                   |  1- 3 |  4- 6 |  7- 9 | 10-12 | 13-15 | 16-18 | 19-21 || total
-------------------------+-------+-------+-------+-------+-------+-------+-------++-------
Melee: Unarmed           |   143 |   301 |   370 |   675 |  1312 |  1529 |   885 ||  5215
       Punch             |     2 |     5 |     5 |    17 |    70 |   104 |    81 ||   284
       Headbutt          |     4 |       |       |       |       |       |       ||     4
       Kick              |     6 |     9 |       |       |       |       |       ||    15
 Cast: Beastly Appendage |    12 |     9 |       |       |       |       |       ||    21
       Sticks to Snakes  |     2 |     2 |     3 |       |    18 |    17 |     6 ||    48
       Spider Form       |       |    18 |    32 |     2 |       |       |       ||    52
       Blade Hands       |       |       |     2 |    47 |   138 |   163 |    75 ||   425
       Ice Form          |       |       |       |    24 |    11 |     9 |       ||    44
       Deflect Missiles  |       |       |       |       |       |     7 |     7 ||    14
 Abil: End Transformatio |       |       |       |     2 |     3 |     5 |     1 ||    11
       Evoke Berserk Rag |       |       |       |       |       |     3 |     2 ||     5
Evoke: Wand              |       |       |       |     9 |     9 |    10 |     5 ||    33
       Phantom mirror    |       |       |       |       |       |     1 |     1 ||     2
       Phial of floods   |       |       |       |       |       |       |     1 ||     1
       Lightning rod     |       |       |       |       |       |       |     5 ||     5
  Use: Scroll            |       |     5 |     7 |    11 |    14 |    18 |    14 ||    69
       Potion            |       |       |     2 |     1 |       |     7 |     7 ||    17
 Stab: Sleeping          |     1 |       |     5 |       |       |       |       ||     6
       Invisible         |       |       |       |     3 |       |       |       ||     3
       Paralysed         |       |       |       |       |     7 |       |       ||     7
       Distracted        |       |       |       |       |     2 |     3 |       ||     5
  Eat: Chunk             |     3 |    10 |    20 |    47 |   103 |    69 |    25 ||   277
       Ration            |       |       |     1 |     3 |     3 |    21 |    11 ||    39
Armor: Robe              |    26 |    75 |    13 |       |       |       |       ||   114
       Skin              |       |       |    10 |    47 |    15 |    23 |       ||    95
       Leather armour    |       |       |    26 |    90 |   118 |       |       ||   234
       Ring mail         |       |       |       |       |   149 |    11 |       ||   160
       Chain mail        |       |       |       |       |       |   315 |       ||   315
       Fire dragon scale |       |       |       |       |       |   278 |   324 ||   602
Dodge: Dodged            |   108 |   247 |   336 |   513 |  1033 |  1096 |   683 ||  4016
       Deflected         |       |       |       |       |       |    36 |    64 ||   100
